 Dungeon Crawl Stone Soup version 0.32-a0-411-g744942f433 (webtiles) character file.

Game seed: 383768483628856339

709 BubbleThief the Covert (level 7, -2/32 HPs)
             Began as a Vampire Enchanter on Feb 20, 2024.
             Was an Initiate of Dithmenos.
             Slain by a killer bee (7 damage)
             ... on level 8 of the Dungeon.
             The game lasted 00:04:24 (3303 turns).

BubbleThief the Covert (Vampire Enchanter)          Turns: 3303, Time: 00:04:25

Health: -2/32      AC:  3    Str:  6 (7)  XL:     7   Next: 40%
Magic:  9/10       EV: 12    Int: 16 (17) God:    Dithmenos [......]
Gold:   346        SH:  0    Dex: 17      Spells: 8/10 levels left

rFire   . . .        k - +2 dagger (venom)
rCold   + + .        (no shield)
rNeg    + + +        b - +0 robe
rPois   ∞            (no helmet)
rElec   .            p - +0 cloak
rCorr   .            (no gloves)
SInv    +            (no boots)
Will    .....        (no amulet)
Stlth   ++++++       (no ring)
HPRegen 0.00/turn    (no ring)
MPRegen 0.12/turn

%: no passive effects
@: bloodless, inhibited regen
A: bloodless, fangs 3, see invisible, vampiric 2, [frail 1]
a: Bat Form, Revivify, Renounce Religion


You were on level 8 of the Dungeon.
You worshipped Dithmenos.
Dithmenos was noncommittal.
You visited 2 branches of the dungeon, and saw 8 of its levels.

You collected 346 gold pieces.

Inventory:

Hand Weapons
 k - a +2 dagger of venom (weapon)
Missiles
 x - a throwing net (quivered)
Armour
 b - a +0 robe (worn)
 p - a +0 cloak (worn)
Jewellery
 m - a ring of protection from cold
 n - an amulet of guardian spirit
Wands
 r - a wand of roots (9)
Scrolls
 a - 2 scrolls of identify {unknown}
 d - 2 scrolls of immolation {unknown}
 e - 3 scrolls of fog {unknown}
 h - 2 scrolls of poison {unknown}
 i - a scroll of amnesia {unknown}
 j - a scroll of blinking {unknown}
 s - a scroll of enchant weapon {unknown}
 w - a scroll of brand weapon {unknown}
 y - a scroll of torment {unknown}
 A - a scroll of teleportation {unknown}
Potions
 c - 2 potions of invisibility
 f - 2 potions of ambrosia {unknown}
 g - 3 potions of heal wounds {unknown}
 l - 3 potions of mutation {unknown}
 o - 2 potions of enlightenment {unknown}
 q - 2 potions of lignification {unknown}
 t - a potion of brilliance {unknown}
 u - 2 potions of curing {unknown}
 v - 2 potions of degeneration {unknown}
 z - a potion of attraction {unknown}
 B - a potion of haste {unknown}


   Skills:
 + Level 5.2 Short Blades
 - Level 2.1 Dodging
 + Level 8.5 Stealth
 - Level 2.0 Spellcasting
 + Level 8.0 Hexes


You had 8 spell levels left.
You knew the following spells:

 Your Spells              Type           Power      Damage    Failure   Level
a - Ensorcelled Hibernat  Hex/Ice        28%        N/A       6%          2

Your spell library contained the following spells:

 Spells                   Type           Power      Damage    Failure   Level
 Confusing Touch          Hex            27%        N/A       2%          3
 Tukima's Dance           Hex            27%        N/A       2%          3
 Dazzling Flash           Conj/Hex       28%        N/A       12%         3
 Frozen Ramparts          Ice            2%         1d1       52%         3
 Metabolic Englaciation   Hex/Ice        7%         N/A       73%         5
 Leda's Liquefaction      Alch/Erth      0%         N/A       90%         4
 Petrify                  Alch/Erth      1%         N/A       90%         4


Dungeon Overview and Level Annotations

Branches:
Dungeon (8/15)             Temple (1/1) D:4
   Lair: D:8-11

Altars:
Ashenzari
Dithmenos
Fedhas
Hepliaklqana
Makhleb
Nemelex Xobeh
Qazlal
Trog
Uskayaw
Vehumet
Xom
Yredelemnul


Innate Abilities, Weirdness & Mutations

You do not regenerate when monsters are visible.
You are frail without blood (-20% HP).
You can heal yourself when you bite living creatures.
You are immune to poison.
You have razor-sharp teeth.
You have supernaturally acute eyesight. (SInv)
You are afflicted with vampirism and can become a bat while bloodless.
[You are frail. (-10% HP)]


Message History

Dithmenos accepts your kill.
You feel your strength returning.
Your Hexes skill increases to level 8!
You hit the orc but do no damage.
The orc is poisoned.
A killer bee comes into view.
The orc hits you with a +0 whip.
Unknown command.
You hit the orc but do no damage.
The orc looks as sick as possible!
The orc is moderately wounded.
Unknown command.
You hit the orc but do no damage.
The orc looks as sick as possible!
You bite the orc.
You draw the orc's blood!
You feel better.
The orc is heavily wounded.
The orc closely misses you.
Unknown command.
You hit the orc but do no damage. You bite the orc.
You kill the orc!
Dithmenos accepts your kill.
Unknown command.
You barely miss the killer bee. The killer bee stings you.
The killer bee stings you!
Unknown command.
You barely miss the killer bee. The killer bee misses you.
Unknown command.
Unknown command.
You closely miss the killer bee. The killer bee barely misses you.
A killer bee comes into view.
Unknown command.
You closely miss the killer bee.
The killer bee buzzes angrily.
You bite the killer bee.
The killer bee is moderately wounded.
You hear an angry buzzing noise.
You hear a shout!
The killer bee misses you. The killer bee stings you.
* * * LOW HITPOINT WARNING * * *
The killer bee barely misses you.
You hear an angry hiss.
A killer bee comes into view.
The killer bee closely misses you. The killer bee stings you!
You die...

. # ... ..
.#...$.... ...
.#y.......
...#####.o.y.!....
. $.......o......
#.##.)...........
..##.#...####......
.......#..oyy..#
### ##.#.....##@###
... #.#.####.# ....
.. #.# #.# #.....#
##.# #.# #....#
##..# ...
.....##..##..... #
#.#....###?....
##.#.###...........
.................


You could see an orc warrior, 3 killer bees and an orc.

Vanquished Creatures
  A steam dragon (D:8)
  2 sky beasts (D:7)
  A black bear (D:4)
  2 jellies
  An orc priest (D:8)
  Crazy Yiuf (D:2)
  An iguana (D:7)
  3 gnolls (D:4)
  3 adders
  2 dart slugs (D:1)
  6 orcs
  7 endoplasms
  13 goblins
  4 hobgoblins
  11 jackals
  2 quokkas
  3 ball pythons
  4 bats
  2 frilled lizards (D:1)
  3 kobolds
  4 rats
76 creatures vanquished.

Notes
Turn   | Place    | Note
-------+----------+-------------------------------------------
     0 | D:1      | BubbleThief the Vampire Enchanter began the quest for the
                  | Orb.
     0 | D:1      | Reached XP level 1. HP: 13/13 MP: 3/3
    67 | D:1      | Reached XP level 2. HP: 14/19 MP: 5/5
   185 | D:1      | Reached skill level 5 in Stealth
   210 | D:1      | Reached skill level 5 in Hexes
   213 | D:1      | Learned a level 2 spell: Ensorcelled Hibernation
   267 | D:1      | Gained mutation: You are afflicted with vampirism and can
                  | become a bat while bloodless. [Vampire growth]
   267 | D:1      | Reached XP level 3. HP: 24/24 MP: 6/6
   599 | D:2      | Identified the +6 sling of a Gauntlet {speed, rN++ Will-
                  | Dex+2 SInv}
   693 | D:2      | Reached XP level 4. HP: 21/30 MP: 2/7
   981 | D:2      | Found a runed translucent door.
   982 | D:2      | Noticed Crazy Yiuf
  1268 | D:2      | Killed Crazy Yiuf
  1330 | D:3      | Reached XP level 5. HP: 35/35 MP: 1/8
  2416 | D:4      | Noticed a black bear
  2421 | D:4      | Killed a black bear
  2422 | D:4      | Reached XP level 6. HP: 32/32 MP: 9/9
  2501 | D:4      | Found a staircase to the Ecumenical Temple.
  2512 | Temple   | Entered the Ecumenical Temple
  2532 | Temple   | Became a worshipper of Dithmenos the Shadowed
  2804 | D:4      | Found a blossoming altar of Fedhas.
  2924 | D:5      | Entered Level 5 of the Dungeon
  2937 | D:5      | You fall into a shaft and drop 2 floors!
  3102 | D:7      | Noticed a sky beast
  3121 | D:7      | Killed a sky beast
  3214 | D:7      | Found a stormy altar of Qazlal.
  3214 | D:7      | Noticed a sky beast
  3220 | D:7      | Noticed a wyvern
  3232 | D:7      | Killed a sky beast
  3233 | D:7      | Reached XP level 7. HP: 14/32 MP: 3/10
  3270 | D:8      | Noticed a steam dragon
  3276 | D:8      | Killed a steam dragon
  3277 | D:8      | Reached skill level 5 in Short Blades
  3303 | D:8      | Slain by a killer bee

Illustrated notes

Levels and vault maps discovered:
D:1:      psy_arrival_heroes, layout_rooms, hex_medium, minivault_11,
          nicolae_twisty_statue_hallways
D:2:      layout_basic, uniq_crazy_yiuf_cottage
D:3:      wad_crossroads, layout_basic, hangedman_decor_peaks_small,
          glass_columns_c, chequers_serial_rivers_room_b, kennysheep_donut,
          glass_columns_a
D:4:      layout_loops_ring, mainiacjoe_overflow_tiny_flanked,
          minmay_temple_entry_butterflies
D:5:      layout_cave_pods, mainiacjoe_overflow_paths
D:7:      layout_rooms, nicolae_qazlal_beasts_of_the_sky, uniq_joseph
D:8:      layout_rooms, small_statue_intersection
Temple:   minmay_temple_bridge_abc

Skill      XL: |  1  2  3  4  5  6  7 |
---------------+----------------------+-----
Stealth        | 5 6 7 8 |  8.5
Short Blades   | 2 3 4 5 |  5.2
Hexes          | 5 6 7 8 |  8.0
Dodging        | |  2.1
Spellcasting   | |  2.0

Action                     |  1- 3 |  4- 6 |  7- 9 || total
---------------------------+-------+-------+-------++-------
  Melee: Dagger            |    87 |    89 |    14 ||   190
         Bite              |    12 |     9 |     3 ||    24
   Cast: Ensorcelled Hiber |     2 |    13 |     1 ||    16
Ability: Exsanguinate      |       |     2 |       ||     2
         Bat Form          |       |     1 |       ||     1
         Revivify          |       |     1 |       ||     1
   Stab: Sleeping          |    10 |    22 |     1 ||    33
         Distracted        |       |     1 |       ||     1
 Armour: Robe              |    37 |    37 |     8 ||    82
  Dodge: Dodged            |    50 |    35 |     9 ||    94

Table legend: (Time is in decaauts)
 A = Elapsed time spent in this place.
 B = Non-inter-level travel time spent in this place.
 C = Inter-level travel time spent in this place.
 D = Time resting spent in this place.
 E = Time spent auto-exploring this place.
 F = Levels seen in this place.
 G = Mean time per level.
                   A        B        C        D        E       F      G
               +--------+--------+--------+--------+--------+-----+--------+
         Total |   3267 |   3124 |    143 |     64 |   2431 |   8 |  408.4 |
       Dungeon |   3226 |   3121 |    105 |     64 |   2431 |   7 |  460.9 |
        Temple |     40 |      2 |     38 |      0 |      0 |   1 |   40.0 |
               +--------+--------+--------+--------+--------+-----+--------+

Top non-repeatable levels by time:
     D:3: 957 daAuts
     D:2: 752 daAuts
     D:4: 601 daAuts
     D:1: 541 daAuts
     D:7: 304 daAuts
     D:8: 55 daAuts
  Temple: 40 daAuts
     D:5: 12 daAuts
